 Dungeon Crawl Stone Soup version 0.29.1-1-gd02db6906a (webtiles) character file.

Game seed: 10933342757385557461

165 LabCoat the Trooper (level 5, -2/47 HPs)
             Began as a Hill Orc Fighter on Oct 16, 2022.
             Killed by divine providence
             ... invoked by an orc priest
              (16 damage)
             ... on level 3 of the Dungeon.
             The game lasted 00:05:47 (3060 turns).

LabCoat the Trooper (Hill Orc Fighter)              Turns: 3060, Time: 00:05:47

Health: -2/47      AC: 10    Str: 21    XL:     5   Next: 46%
Magic:  5/5        EV:  7    Int:  8    God:
Gold:   169        SH:  5    Dex: 10    Spells: 4/4 levels left

rFire   . . .      SeeInvis .   a - +0 war axe
rCold   . . .      Faith    .   c - +1 buckler
rNeg    . . .      Spirit   .   g - +0 chain mail
rPois   .          Reflect  .   h - +0 helmet
rElec   .          Harm     .   (no cloak)
rCorr   .          Rampage  .   (no gloves)
Will    .....                   (no boots)
Stlth   ..........              (no amulet)
HPRegen 0.15/turn               (no ring)
MPRegen 0.09/turn               (no ring)

@: no status effects
A: no striking features
a: Convert to Beogh


You were on level 3 of the Dungeon.
You visited 1 branch of the dungeon, and saw 3 of its levels.

You collected 169 gold pieces.

Inventory:

Hand Weapons
 a - a +0 war axe (weapon)
 k - a +0 flail
Missiles
 d - a throwing net (quivered)
Armour
 c - a +1 buckler (worn)
 g - a +0 chain mail (worn)
 h - a +0 helmet (worn)
 j - a +0 plate armour
Jewellery
 i - a ring of see invisible
Wands
 b - a wand of light (1)
Potions
 e - a potion of mutation
 f - a potion of cancellation {unknown}
 l - a potion of attraction {unknown}


   Skills:
 * Level 4.7 Fighting
 * Level 4.4 Axes
 + Level 1.1 Throwing
 + Level 3.9 Armour
 + Level 3.8 Shields
 + Level 1.3 Evocations


You had 4 spell levels left.
You didn't know any spells.
Your spell library was empty.

Dungeon Overview and Level Annotations

Branches:
Dungeon (3/15)

Altars:

Shops:
D:1 *


Message History

The orc is severely wounded.
You hit the orc priest but do no damage.
The orc priest shouts, "Join the one true god or die!"
The orc hits you with a +0 trident.
The orc priest mumbles some strange prayers to Beogh against you.
Pain shoots through your body!
You barely miss the orc.
The orc is severely wounded.
You closely miss the orc priest.
The orc priest hits you but does no damage.
You block the orc's attack.
You hit the orc but do no damage.
The orc is severely wounded.
You hit the orc priest but do no damage.
You hit the rat.
You kill the rat!
The orc priest shouts, "Join the one true god or die!"
You block the orc priest's attack. The orc hits you but does no damage.
You closely miss the orc.
The orc is severely wounded.
You hit the orc priest.
The orc priest mumbles some strange prayers to Beogh against you.
Pain shoots through your body! You block the orc's attack.
The orc hits you but does no damage. The orc priest closely misses you.
You are too injured to fight recklessly!
You slash the orc!
You kill the orc!
You hit the orc priest but do no damage.
The orc priest shouts, "Beogh is our master!
Accept the truth or die!"
The orc priest invokes the aid of Beogh against you.
Beogh smites you!
* * * LOW HITPOINT WARNING * * *
You hit the orc priest but do no damage.
The orc priest is lightly wounded.
The orc priest barely misses you.
You slash the orc priest!
The orc priest is severely wounded.
The orc priest mumbles some strange prayers to Beogh against you.
Beogh smites you!
You die...

#...# ....# #....# #.
#...###....# #.
#.....+....' #.
#....##....# ###.
#...>.+....'
#.#.###..#..#....#
#...........#...)#
#.#.........#...@########
#.##.###....####o.......#
#.....##....####........#
#.#...##.......+........#
# #[..#<.....###........#
#...##.....######'#####
###...##........###'##
.......#.............#
###.#.##.............#


You could see an orc priest.

Vanquished Creatures
  Ijyb (D:3)
  Robin (D:2)
  4 gnolls (D:3)
  4 adders
  A worm (D:3)
  3 dart slugs
  3 orcs (D:3)
  3 ball pythons (D:1)
  An endoplasm (D:1)
  A giant cockroach (D:1)
  7 goblins
  5 hobgoblins
  4 kobolds
  2 quokkas (D:2)
  2 bats (D:1)
  A frilled lizard (D:1)
  3 rats
46 creatures vanquished.

Vanquished Creatures (others)
  A kobold (D:3)
1 creature vanquished.

Grand Total: 47 creatures vanquished

Notes
Turn   | Place    | Note
-------+----------+-------------------------------------------
     0 | D:1      | LabCoat the Hill Orc Fighter began the quest for the Orb.
     0 | D:1      | Reached XP level 1. HP: 19/19 MP: 1/1
   232 | D:1      | Reached XP level 2. HP: 27/27 MP: 2/2
   553 | D:1      | Found Tuskoseh's Assorted Antiques.
   936 | D:2      | Reached XP level 3. HP: 32/33 MP: 3/3
  1129 | D:2      | Noticed Robin
  1150 | D:2      | Killed Robin
  1238 | D:2      | Reached XP level 4. HP: 30/40 MP: 4/4
  1476 | D:2      | Found a faded altar of an unknown god.
  2091 | D:3      | Reached skill level 1 in Throwing
  2091 | D:3      | Reached skill level 1 in Evocations
  2299 | D:3      | Noticed Ijyb
  2614 | D:3      | Killed Ijyb
  2615 | D:3      | Reached XP level 5. HP: 5/47 MP: 5/5
  3060 | D:3      | Killed from afar by an orc priest

Illustrated notes

Levels and vault maps discovered:
D:1:      eino_arrival_cavern_e, layout_loops_cross, serial_shops,
          shop_fountains
D:2:      layout_loops_ring, basic_ecumenical_altar, serial_forest,
          infiniplex_forest_diagonal, infiniplex_forest_straight_3,
          infiniplex_forest_zigzag_1, infiniplex_forest_pool,
          infiniplex_forest_lined_corner, infiniplex_forest_end_3,
          infiniplex_forest_end_3, infiniplex_forest_lined_4_way,
          infiniplex_forest_clump_double, uniq_robin
D:3:      layout_basic, nicolae_overflows_in_rows, minivault_4, uniq_ijyb

Skill      XL: |  1  2  3  4 |
---------------+-------------+-----
Axes           | 3 4 |  4.4
Fighting       | 4 |  4.7
Throwing       | 1 |  1.1
Evocations     | 1 |  1.3
Armour         | |  3.9
Shields        | |  3.8

Action                   |  1- 3 |  4- 6 || total
-------------------------+-------+-------++-------
Melee: War axe           |    87 |    57 ||   144
  Use: Scroll            |     4 |     1 ||     5
       Potion            |       |     3 ||     3
Armor: Scale mail        |    21 |       ||    21
       Chain mail        |    27 |    42 ||    69
Dodge: Dodged            |    31 |    27 ||    58
Block: Buckler           |    28 |    23 ||    51
